 Dungeon Crawl Stone Soup version 0.23-a0-550-g7de1f8e (webtiles) character file.

30 Lanoc the Skirmisher (level 3, -1/33 HPs)
             Began as a Draconian Monk on Dec 8, 2018.
             Slain by a scorpion (4 damage)
             ... on level 1 of the Dungeon.
             The game lasted 00:02:08 (957 turns).

Lanoc the Skirmisher (Draconian Monk)                Turns: 957, Time: 00:02:09

Health: -1/33      AC:  5    Str: 14    XL:     3   Next: 5%
Magic:  3/3        EV: 19    Int: 10    God:
Gold:   91         SH:  0    Dex: 18    Spells: 2/2 levels left

rFire    . . .     SeeInvis .   a - +0 falchion
rCold    . . .     Gourm    .   (no shield)
rNeg     . . .     Faith    .   (armour unavailable)
rPois    .         Spirit   .   (helmet restricted)
rElec    .         Reflect  .   (no cloak)
rCorr    .         Harm     .   (no gloves)
MR       .....                  (no boots)
Stlth    +++.......             (no amulet)
HPRegen  0.11/turn              (no ring)
MPRegen  0.08/turn              (no ring)

@: agile, lethally poisoned (-1 -> -10)
A: unfitting armour, cold-blooded, AC +5
a: no special abilities


You were on level 1 of the Dungeon.
You were not hungry.

You visited 1 branch of the dungeon, and saw 2 of its levels.

You collected 91 gold pieces.

Inventory:

Hand Weapons
 a - a +0 falchion (weapon)
Scrolls
 d - 3 scrolls of teleportation {unknown}
 e - a scroll of identify {unknown}
Comestibles
 b - 4 rations


   Skills:
 + Level 3.7 Fighting
 + Level 3.4 Long Blades
 + Level 3.1 Dodging
 - Level 1.7 Stealth


You had 2 spell levels left.
You didn't know any spells.
Your spell library was empty.

Dungeon Overview and Level Annotations

Branches:
Dungeon (2/15)

Altars:


Innate Abilities, Weirdness & Mutations

Your plain brown scales are hard. (AC +5)
You cannot fit into any form of body armour.
You are cold-blooded and may be slowed by cold attacks.


Message History

It was a potion of curing.
You feel better. The scorpion closely misses you.
You completely miss the scorpion.
The scorpion is lightly wounded.
The scorpion stings you but does no damage.
You barely miss the scorpion.
The scorpion is lightly wounded.
The scorpion stings you.
* * * LOW HITPOINT WARNING * * *
You are lethally poisoned!
The scorpion poisons you!
It was a potion of agility.
You feel agile all of a sudden.
* * * LOW HITPOINT WARNING * * *
You feel sick. The scorpion stings you.
* * * LOW HITPOINT WARNING * * *
You hit the scorpion but do no damage.
The scorpion is lightly wounded.
* * * LOW HITPOINT WARNING * * *
You feel sick. The scorpion stings you.
You die...

.##.....## #...#.......#### #.#.
)##.####.###...#........## #...
.##.# #..#..............# ###.##
.##.# #.#.#..##...)....####...##
.##.####......#...>..........)...
.##....................≈≈≈≈.≈≈≈≈≈
.##...........#...##...≈≈≈≈.≈≈≈≈≈
..#.####.####.##.###...≈≈≈≈.≈≈≈≈≈
.#...###.# #.##@#...#.≈≈≈≈(≈≈≈≈≈
###...##.####.##s#.....≈≈≈≈......
# ##............S............≈≈≈≈
###....................≈≈≈≈≈.≈≈≈≈
.#.....#########.......≈≈≈≈≈.≈≈≈≈
.)....## ########...#.≈≈≈≈≈.≈≈≈≈
##.)#######..).......#.≈≈≈≈≈.≈≈≈≈
#..................##...........
#.###.###########.############.#


You could see a scorpion and an adder.

Vanquished Creatures
  An ooze (D:1)
  2 leopard geckos (D:1)
  3 bats (D:1)
  A giant cockroach (D:1)
  5 goblins (D:1)
  A hobgoblin (D:1)
  5 kobolds
  A ball python (D:1)
  3 frilled lizards (D:1)
  3 rats (D:1)
25 creatures vanquished.

Notes
Turn   | Place    | Note
-------+----------+-------------------------------------------
     0 | D:1      | Lanoc the Draconian Monk began the quest for the Orb.
     0 | D:1      | Reached XP level 1. HP: 19/19 MP: 1/1
   276 | D:1      | Reached XP level 2. HP: 12/26 MP: 2/2
   819 | D:1      | Reached XP level 3. HP: 30/33 MP: 3/3
   926 | D:2      | Noticed a scorpion
   957 | D:1      | Slain by a scorpion

Vault maps used:
D:1:      eino_arrival_water_star, minivault_14,
          wander_ebering_terrifying_dragon_lair
D:2:      first_ration, uniq_terence

Skill      XL: |  1  2 |
---------------+-------+-----
Dodging        | 3 |  3.1
Fighting       | |  3.7
Long Blades    | |  3.4
Stealth        | |  1.7

Action                   || total
-------------------------++-------
Melee: Falchion          ||    80
       Tailslap          ||    10
  Use: Potion            ||     2
 Stab: Sleeping          ||     4
Armor: Skin              ||    27
Dodge: Dodged            ||    72
       Rpst.: Falchion   ||    22

Table legend:
 A = Non-vault XP
 B = Vault XP
 C = Vault XP percentage of total XP
 D = Non-vault monster count
 E = Vault monster count
 F = Vault count percentage of total count
                 A         B        C        D         E       F
            +---------+---------+-------+---------+---------+-------
      Total |      41 |       3 |   6.8 |      24 |       1 |   4.0
            +---------+---------+-------+---------+---------+-------
        D:1 |      40 |       3 |   7.0 |      23 |       1 |   4.2
        D:2 |       1 |       0 |   0.0 |       1 |       0 |   0.0
            +---------+---------+-------+---------+---------+-------
